 Dungeon Crawl Stone Soup version 0.24.1-8-ga250c9d538 (webtiles) character file.

Game seed: 1964702547065517679, levelgen mode: deterministic

789 nightchill the Cudgeler (level 7, 0/45 HPs)
             Began as a Gargoyle Gladiator on Apr 27, 2020.
             Slain by a bullfrog (1 damage)
             ... on level 6 of the Dungeon.
             The game lasted 00:11:19 (5350 turns).

nightchill the Cudgeler (Gargoyle Gladiator)        Turns: 5350, Time: 00:11:19

Health: 0/45       AC: 10    Str: 19    XL:     7   Next: 87%
Magic:  7/7        EV: 11    Int:  9    God:
Gold:   208        SH:  0    Dex: 11    Spells: 6/6 levels left

rFire    + . .     SeeInvis .   a - +0 flail
rCold    + . .     Gourm    .   (no shield)
rNeg     + . .     Faith    .   j - +0 ring mail
rPois    ∞         Spirit   .   c - +0 helmet
rElec    +         Reflect  .   e - scarf {rC+ rF+}
rCorr    .         Harm     .   (no gloves)
MR       .....                  (no boots)
Stlth    +.........             (no amulet)
HPRegen  0.15/turn              (no ring)
MPRegen  0.10/turn              (no ring)

@: no status effects
A: negative energy resistance 1, electricity resistance, unbreathing,
petrification resistance, rot immunity, AC +4
a: no special abilities


You were on level 6 of the Dungeon.
You were not hungry.

You visited 2 branches of the dungeon, and saw 7 of its levels.

You collected 208 gold pieces.

Inventory:

Hand Weapons
 a - a +0 flail (weapon)
 x - a cursed -1 whip
Missiles
 d - 3 throwing nets
 h - 17 poisoned darts
 k - 146 stones
 p - 8 boomerangs (quivered)
Armour
 b - a +0 leather armour
 c - a +0 helmet (worn)
 e - a scarf of resistance (worn)
 i - a +0 scale mail
 j - a +0 ring mail (worn)
 u - a +0 buckler
 B - a +1 leather armour of magic resistance
Jewellery
 z - an uncursed ring of protection from cold {unknown}
 C - an uncursed ring of ice {unknown}
Wands
 s - a wand of polymorph (7)
 t - a wand of iceblast (4)
Scrolls
 g - 5 scrolls of remove curse {unknown}
 m - 4 scrolls of amnesia {unknown}
 o - 9 scrolls of identify {unknown}
 q - 5 scrolls of teleportation {unknown}
 y - a scroll of enchant armour {unknown}
 D - 2 scrolls of fog {unknown}
 E - a scroll of random uselessness {unknown}
Potions
 l - a potion of mutation {unknown}
 n - 3 potions of curing {unknown}
 r - a potion of heal wounds {unknown}
 v - 4 potions of flight {unknown}
 w - a potion of agility {unknown}
 A - 2 potions of lignification {unknown}
 F - a potion of berserk rage {unknown}
Comestibles
 f - 5 rations
 G - 6 chunks of flesh


   Skills:
 + Level 5.7 Fighting
 * Level 7.6 Maces & Flails
 - Level 1.7 Throwing
 - Level 2.4 Dodging


You had 6 spell levels left.
You didn't know any spells.
Your spell library was empty.

Dungeon Overview and Level Annotations

Branches:
Dungeon (6/15)             Temple (1/1) D:4

Altars:
Ashenzari
Cheibriados
Dithmenos
Elyvilon
Fedhas
Gozag
Hepliaklqana
Kikubaaqudgha
Makhleb
Nemelex Xobeh
Qazlal
Ru
Sif Muna
Trog
Uskayaw
Vehumet
Wu Jian
Xom
Yredelemnul
Zin
The Shining One

Shops:
D:4 =

Annotations:
D:6 Duvessa


Innate Abilities, Weirdness & Mutations

You are resistant to torment.
Your stone body is resilient. (AC +4)
You are immune to poison.
You resist negative energy. (rN+)
You are resistant to electric shocks. (rElec)
You can survive without breathing.
You are immune to petrification.
You are immune to rotting.


Message History

Duvessa is severely wounded.
Duvessa barely misses you.
A bullfrog comes into view.
Duvessa hits you with a +0 short sword!
* * * LOW HITPOINT WARNING * * *
Evoke which item? (* to show all) (? for menu, Esc to quit)
Aiming: Polymorph
Press: ? - help, Shift-Dir - straight line, f/p - Duvessa
Aim: Duvessa, wielding a +0 short sword and wearing a +0 leather armour (severely wounded, berserk, fast, unusually strong, chance to defeat MR: 28%) Duvessa evaporates and reforms as a porcupine!
Duvessa bites you but does no damage.
The bullfrog hits you but does no damage.
The bullfrog closely misses you.
Duvessa twitches its whiskers.
The bullfrog hits you.
* * * LOW HITPOINT WARNING * * *
Duvessa bites you!
* * * LOW HITPOINT WARNING * * *
The bullfrog hits you.
You die...

. #. #.#####. .##
........ ....
......## .....
#.....#####
##....####......###
........))........#
#####
.###.#######..F...##
##...# ##.r@...#
#....#
######.###....#
#.#......#
#...##.###
########.##÷#
.......<.#..#
###..#####.## #..
####.######### #
##.....##.....#


You could see a bullfrog and Duvessa the porcupine.

Vanquished Creatures
  A phantom (D:4)
  A scorpion (D:5)
  Dowan (D:6)
  A jelly (D:5)
  A crimson imp (D:6)
  3 hounds
  2 orc priests (D:4)
  2 orc wizards (D:3)
  A centaur skeleton (D:6)
  An iguana (D:6)
  4 worker ants
  A hound skeleton (D:5)
  6 adders
  A shadow imp (D:5)
  3 oozes
  An adder skeleton (D:4)
  A worm (D:2)
  A dart slug (D:1)
  3 leopard geckos
  10 orcs
  10 bats
  4 giant cockroaches
  8 goblins
  10 hobgoblins
  5 jackals
  7 kobolds
  A quokka (D:3)
  2 frilled lizards
  A leopard gecko skeleton (D:4)
  6 rats
99 creatures vanquished.

Notes
Turn   | Place    | Note
-------+----------+-------------------------------------------
     0 | D:1      | nightchill the Gargoyle Gladiator began the quest for the
                  | Orb.
     0 | D:1      | Reached XP level 1. HP: 12/12 MP: 1/1
   338 | D:1      | Reached XP level 2. HP: 16/18 MP: 2/2
   643 | D:1      | Reached XP level 3. HP: 22/22 MP: 3/3
   980 | D:1      | Reached skill level 4 in Maces & Flails
  1912 | D:3      | Reached XP level 4. HP: 27/28 MP: 4/4
  1932 | D:3      | Reached XP level 5. HP: 24/32 MP: 5/5
  2326 | D:3      | Reached skill level 5 in Maces & Flails
  2664 | D:4      | Found a staircase to the Ecumenical Temple.
  2671 | D:4      | Noticed a phantom
  2685 | Temple   | Entered the Ecumenical Temple
  2914 | D:4      | Reached XP level 6. HP: 9/38 MP: 6/6
  3275 | D:4      | Killed a phantom
  3275 | D:4      | Reached skill level 6 in Maces & Flails
  3385 | D:4      | Found a blossoming altar of Fedhas.
  3711 | D:4      | Found Rewed's Jewellery Emporium.
  3873 | D:4      | Reached XP level 7. HP: 41/44 MP: 7/7
  3996 | D:5      | Entered Level 5 of the Dungeon
  4019 | D:5      | Reached skill level 5 in Fighting
  4504 | D:5      | Reached skill level 7 in Maces & Flails
  4609 | D:5      | Found a shattered altar of Ashenzari.
  5064 | D:6      | Noticed Grinder
  5088 | D:6      | Noticed Grinder
  5088 | D:6      | Grinder changed into Grinder the crimson imp
  5091 | D:6      | Killed Grinder the crimson imp
  5185 | D:6      | Noticed Dowan
  5208 | D:6      | Killed Dowan
  5338 | D:6      | Noticed Duvessa
  5344 | D:6      | Noticed Duvessa
  5344 | D:6      | Duvessa changed into Duvessa the porcupine
  5348 | D:6      | HP: 1/45 [Duvessa the porcupine (8)]
  5350 | D:6      | Slain by a bullfrog

Levels and vault maps discovered:
D:1:      evilmike_arrival_hilbert_curve, layout_rooms, minmay_pentomino_p4
D:2:      layout_basic
D:3:      layout_loops_ring
D:4:      layout_basic, minmay_temple_entry_ruins, first_ration,
          nicolae_ossuary_entry_plus, serial_shops, shop, fedhas_ov_isle_minmay
D:5:      layout_loops_corners, serial_bayou_pond_e,
          nicolae_ashenzari_panopticon
D:6:      minmay_diamond_boxcup, layout_rooms, uniq_grinder, uniq_menkaure,
          uniq_duvessa
Temple:   grunt_wide_crystal_templ

Skill      XL: |  1  2  3  4  5  6  7 |
---------------+----------------------+-----
Maces & Flails | 4 5 6 7 |  7.6
Fighting       | 3 4 5 |  5.7
Throwing       | |  1.7
Dodging        | |  2.4

Action                   |  1- 3 |  4- 6 |  7- 9 || total
-------------------------+-------+-------+-------++-------
Melee: Flail             |   151 |   184 |   128 ||   463
Throw: Boomerang         |       |       |     8 ||     8
Evoke: Wand              |       |       |     3 ||     3
  Eat: Chunk             |     3 |     3 |     5 ||    11
       Ration            |       |     1 |       ||     1
Armor: Leather armour    |     5 |       |       ||     5
       Ring mail         |    71 |    94 |    51 ||   216
Dodge: Dodged            |   120 |   134 |    66 ||   320
